General information
- name: BNet
- type: Ladder 1vs1/FFA
- host: Battle.net
- saver: BEAR_AND
map: TurtleRock
- players: 2
- length: 22:09
- speed: Fast
- version: 1.27 W3XP
- replay type:

» download(78 KB)
Players
team 1 (winner)
BEAR_AND (
yellow | 167 APM | 3697 actions | 22:09)
3 Archmage
2 Summon Water Elemental
1 Brilliance Aura
3 Mountain King
2 Storm Bolt
1 Bash
3 Paladin
2 Holy Light
1 Divine Shield
» actions
| Assign group hotkey | 76 | |
| Basic commands | 5 | |
| Build / train | 133 | |
| Enter build submenu | 48 | |
| Enter hero's abilities submenu | 9 | |
| Give item / drop item | 2 | |
| Remove unit from queue | 3 | |
| Right click | 2486 | |
| Select / deselect | 428 | |
| Select group hotkey | 311 | |
| Use ability | 196 | |
3697 total
» units
| Peasant | 13 | |
| Priest | 2 | |
| Dragonhawk Rider | 3 | |
18 total
» upgrades
| Masonry | 2 | |
| Lumber Harvesting | 1 | |
| Magic Sentry | 1 | |
| Priest Training | 1 | |
| Long Rifles | 0 | |
| Animal War Training | 1 | |
| Cloud | 1 | |
| Swords | 2 | |
| Armor | 1 | |
10 total
» buildings
| Altar of Kings | 1 | |
| Farm | 5 | |
| Lumber Mill | 1 | |
| Arcane Vault | 2 | |
| Scout Tower | 70 | |
| Arcane Tower | 8 | |
| Guard Tower | 41 | |
| Keep | 2 | |
| Arcane Sanctum | 1 | |
| Castle | 3 | |
| Gryphon Aviary | 2 | |
| Blacksmith | 1 | |
| Barracks | 1 | |
| Town Hall | 2 | |
140 total
» build order
00:08 Altar of Kings
00:18 Farm
00:33 Lumber Mill
00:52 Farm
01:14 Arcane Vault
01:29 Arcane Vault
01:31 Scout Tower
01:33 Scout Tower
02:03 Arcane Tower
02:28 Scout Tower
02:28 Scout Tower
02:29 Scout Tower
02:30 Guard Tower
03:05 Keep
03:05 Keep
03:10 Guard Tower
03:24 Guard Tower
03:50 Farm
03:52 Guard Tower
04:18 Scout Tower
04:18 Scout Tower
04:19 Scout Tower
05:30 Scout Tower
05:30 Scout Tower
05:31 Scout Tower
05:41 Arcane Sanctum
06:07 Guard Tower
06:25 Castle
06:25 Castle
06:26 Castle
06:26 Guard Tower
06:27 Guard Tower
06:27 Guard Tower
06:45 Scout Tower
06:46 Scout Tower
06:46 Scout Tower
07:03 Farm
07:22 Guard Tower
07:22 Guard Tower
07:23 Guard Tower
07:23 Guard Tower
08:16 Guard Tower
08:17 Arcane Tower
08:35 Guard Tower
09:39 Scout Tower
09:40 Scout Tower
09:42 Scout Tower
09:43 Scout Tower
09:43 Scout Tower
10:20 Gryphon Aviary
11:19 Guard Tower
11:23 Blacksmith
11:25 Barracks
11:27 Gryphon Aviary
14:04 Scout Tower
14:05 Scout Tower
14:05 Scout Tower
14:06 Scout Tower
14:06 Scout Tower
14:16 Farm
14:34 Arcane Tower
14:35 Guard Tower
14:35 Guard Tower
14:35 Guard Tower
14:35 Guard Tower
14:38 Scout Tower
14:38 Scout Tower
14:39 Scout Tower
14:39 Scout Tower
14:45 Town Hall
15:08 Guard Tower
15:09 Guard Tower
15:09 Guard Tower
15:09 Guard Tower
15:10 Guard Tower
15:12 Scout Tower
15:12 Scout Tower
15:13 Scout Tower
15:13 Scout Tower
15:13 Scout Tower
15:15 Scout Tower
15:15 Scout Tower
15:16 Scout Tower
15:16 Scout Tower
15:29 Guard Tower
15:30 Guard Tower
16:03 Guard Tower
16:03 Guard Tower
16:04 Guard Tower
16:26 Guard Tower
18:45 Scout Tower
18:46 Scout Tower
18:46 Scout Tower
18:47 Scout Tower
18:47 Scout Tower
18:48 Scout Tower
18:48 Scout Tower
18:49 Scout Tower
18:51 Scout Tower
18:52 Scout Tower
18:52 Scout Tower
18:53 Scout Tower
18:54 Scout Tower
18:54 Scout Tower
19:02 Scout Tower
19:03 Scout Tower
19:03 Scout Tower
19:04 Scout Tower
19:04 Scout Tower
20:27 Arcane Tower
20:27 Arcane Tower
20:29 Arcane Tower
20:29 Arcane Tower
21:04 Town Hall
21:07 Scout Tower
21:08 Scout Tower
21:09 Scout Tower
21:09 Scout Tower
21:10 Scout Tower
21:10 Scout Tower
21:11 Scout Tower
21:11 Scout Tower
21:12 Scout Tower
21:12 Scout Tower
21:13 Scout Tower
21:13 Scout Tower
21:14 Scout Tower
» items
| Scroll of Regeneration | 3 | |
| Lesser Clarity Potion | 5 | |
| Boots of Speed | 3 | |
| Staff of Teleportation | 10 | |
| Staff of Sanctuary | 1 | |
22 total
team 2 (loser)
Pet_Hunter (
purple | 36 APM | 798 actions | 22:08)
5 Archmage
3 Summon Water Elemental
1 Blizzard
1 Brilliance Aura
4 Paladin
1 Holy Light
2 Devotion Aura
1 Divine Shield
» actions
| Build / train | 65 | |
| Enter build submenu | 21 | |
| Enter hero's abilities submenu | 9 | |
| Remove unit from queue | 3 | |
| Right click | 366 | |
| Select / deselect | 263 | |
| Use ability | 71 | |
798 total
» units
| Peasant | 9 | |
| Footman | 2 | |
| Rifleman | 18 | |
| Priest | 6 | |
35 total
» upgrades
| Masonry | 2 | |
| Plating | 2 | |
| Swords | 2 | |
| Armor | 2 | |
| Lumber Harvesting | 1 | |
| Long Rifles | 1 | |
| Gunpowder | 2 | |
| Priest Training | 1 | |
13 total
» buildings
| Farm | 8 | |
| Barracks | 1 | |
| Altar of Kings | 1 | |
| Lumber Mill | 2 | |
| Blacksmith | 1 | |
| Scout Tower | 4 | |
| Arcane Tower | 2 | |
| Guard Tower | 2 | |
| Keep | 1 | |
| Arcane Vault | 1 | |
| Arcane Sanctum | 1 | |
| Town Hall | 2 | |
| Castle | 1 | |
27 total
» build order
00:05 Farm
00:07 Barracks
00:09 Altar of Kings
00:50 Farm
01:46 Lumber Mill
01:57 Blacksmith
02:06 Farm
02:16 Scout Tower
03:20 Arcane Tower
03:24 Scout Tower
03:49 Arcane Tower
04:04 Guard Tower
05:36 Scout Tower
05:41 Keep
05:59 Farm
06:25 Guard Tower
06:40 Arcane Vault
06:56 Farm
07:39 Farm
07:58 Farm
08:35 Arcane Sanctum
10:31 Farm
12:59 Town Hall
14:32 Lumber Mill
19:49 Town Hall
20:33 Scout Tower
20:39 Castle
Chat log
(00:39 / All) BEAR_AND: hi
(00:51 / All) Pet_Hunter: hi
(00:54 / All) BEAR_AND: are u good
(01:04 / All) Pet_Hunter: no
(01:07 / All) BEAR_AND: hehe
(22:03 / All) BEAR_AND: LOL
(22:05 / All) BEAR_AND: wtf